 Dungeon Crawl Stone Soup version 0.22-a0-445-g8c8ef71 (webtiles) character file.

1693 Gorglomux the Shield-Bearer (level 8, -2/76 HPs)
             Began as a Deep Dwarf Fighter on June 2, 2018.
             Slain by an orc warrior
             ... wielding a +0 war axe
              (6 damage)
             ... on level 6 of the Dungeon.
             The game lasted 00:02:26 (2398 turns).

Gorglomux the Shield-Bearer (Deep Dwarf Fighter)    Turns: 2398, Time: 00:02:27

Health: -2/76      AC:  9    Str: 22    XL:     8   Next: 72%
Magic:  0/0        EV:  8    Int:  9    God:
Gold:   259        SH: 11    Dex: 12    Spells: 7/7 levels left

rFire    . . .     SeeInvis .   a - +0 war axe
rCold    . . .     Gourm    .   c - +0 shield
rNeg     . . .     Faith    .   b - +0 scale mail
rPois    .         Spirit   .   (no helmet)
rElec    .         Reflect  .   p - +0 cloak {MR+}
rCorr    .         Harm     .   (no gloves)
MR       ++...                  (no boots)
Stlth    ..........             (no amulet)
HPRegen  0.00/turn              (no ring)
MPRegen  0.07/turn              (no ring)

@: non-regenerating
A: damage resistance, heal wounds, sense surroundings 1, no regeneration
a: Heal Wounds


You were on level 6 of the Dungeon.
You were not hungry.

You visited 1 branch of the dungeon, and saw 6 of its levels.

You collected 259 gold pieces.

Inventory:

Hand Weapons
 a - a +0 war axe (weapon)
Armour
 b - a +0 scale mail (worn)
 c - a +0 shield (worn)
 p - a +0 cloak of magic resistance (worn)
Scrolls
 h - 2 scrolls of magic mapping {unknown}
 k - 3 scrolls of identify {unknown}
 l - 3 scrolls of enchant armour {unknown}
 m - a scroll of random uselessness {unknown}
 o - a scroll of fog {unknown}
 q - 2 scrolls of remove curse {unknown}
 t - a scroll of enchant weapon {unknown}
Potions
 d - a potion of might
 j - a potion of flight
 n - a potion of haste {unknown}
 r - a potion of resistance {unknown}
 u - a potion of curing {unknown}
Comestibles
 f - 7 rations
 s - 26 chunks of flesh


   Skills:
 + Level 5.7 Fighting
 + Level 6.4 Axes
 + Level 6.9 Armour
 + Level 7.0 Shields


You had 7 spell levels left.
You didn't know any spells.
Your spell library was empty.

Dungeon Overview and Level Annotations

Branches:
Dungeon (6/15)
 Temple: D:4-7

Altars:
Elyvilon
Okawaru
Uskayaw
Xom


Innate Abilities, Weirdness & Mutations

You are resistant to damage.
You can heal yourself by infusing magical energy.
You passively map a small area around you.
You do not regenerate.


Message History

The orc warrior is butt-ly wounded!
The orc warrior hits you with a war axe!!!
You open the orc warrior but do no damage!
The orc warrior is moderately wounded!
The orc warrior hits you with a war axe!!! * * * don't die
* * * You are too injured to fight recklessly!!!
You chop the orc warrior but do no damage!
The orc warrior is moderately wounded!
You block the orc warrior's attack!
You are too injured to fight recklessly!!!
You carve the orc warrior like a ham!!!
The orc warrior is severely wounded!
The orc warrior hits you with a war axe!!! * * * don't die
* * * Butt are too injured to butt recklessly!!!
You closely miss the orc warrior!
The orc warrior is severely butt!
The orc warrior hits you with a butt axe!!! rip

### , ..#.#.# * ..#
#.#...#.# , ,#.# ,
#.#.#.#.#* #.# ,*
#.#.#.#.#* ,#.# , ,
#.#.#.#.# ,#o# ..
.<#.#.#.# , #o#,,.##
#.#.#.#.# ,# #o#,...#
......#.##.# #@# ...#. *
...........#.#,#?#......
*
###.#........#.#.#......
#...########.#....:#*
..###รท...........#.#.#
...............#.#.#, *
#####.##########.# # , ,
...........# #.# *
#####.####.# #.#.#


You could see an orc warrior and 2 orcs.

Vanquished Creatures
  The ghost of George the Slasher, an amateur MiFi (D:3)
  Sigmund (D:2)
  A phantom (D:4)
  3 centaurs
  2 scorpions (D:5)
  2 howler monkeys
  3 crimson imps
  A bullfrog zombie (D:5)
  A hound (D:5)
  4 orc priests (D:6)
  A gnoll shaman (D:4)
  4 orc wizards
  Natasha (thrice) (D:2)
  4 worker ants
  4 gnolls (D:4)
  10 adders
  An ooze (D:1)
  3 worms (D:2)
  A leopard gecko (D:2)
  21 orcs
  6 bats
  2 giant cockroaches
  6 goblins
  2 hobgoblins
  15 jackals
  8 kobolds
  6 quokkas
  A ball python (D:4)
  5 frilled lizards
  A jackal zombie (D:3)
  A quokka skeleton (D:5)
  9 rats
133 creatures vanquished.

Notes
Turn   | Place    | Note
-------+----------+-------------------------------------------
     0 | D:1      | Gorglomux the Deep Dwarf Fighter began the quest for the Orb.
     0 | D:1      | Reached XP level 1. HP: 20/20 MP: 1/1
    54 | D:1      | Reached XP level 2. HP: 18/27 MP: 2/2
   338 | D:2      | Noticed Natasha
   343 | D:2      | Reached skill level 3 in Fighting
   352 | D:2      | Reached XP level 3. HP: 13/34 MP: 2/2
   353 | D:2      | Killed Natasha
   355 | D:2      | Reached skill level 3 in Axes
   363 | D:2      | Reached XP level 4. HP: 14/42 MP: 3/3
   400 | D:2      | Found an iron altar of Okawaru.
   421 | D:2      | Noticed Sigmund
   425 | D:2      | Reached skill level 4 in Shields
   425 | D:2      | Noticed Natasha
   444 | D:2      | Killed Sigmund
   444 | D:2      | Reached XP level 5. HP: 17/50 MP: 4/4
   449 | D:2      | Reached XP level 6. HP: 51/57 MP: 4/4
   468 | D:2      | Killed Natasha
   474 | D:2      | Noticed Natasha
   494 | D:2      | Killed Natasha
   613 | D:3      | Noticed George's ghost (amateur MiFi)
   625 | D:3      | HP: 2/57 [George's ghost (15)]
   631 | D:3      | Killed George's ghost
   631 | D:3      | Reached skill level 5 in Shields
   631 | D:3      | Reached XP level 7. HP: 50/66 MP: 3/3
   869 | D:3      | Found a white marble altar of Elyvilon.
  1032 | D:4      | Found a hide-covered altar of Uskayaw.
  1033 | D:4      | Noticed a hand axe
  1033 | D:4      | Noticed a hand axe
  1507 | D:4      | Found a shimmering altar of Xom.
  1737 | D:5      | Entered Level 5 of the Dungeon
  1804 | D:5      | Reached skill level 6 in Armour
  1815 | D:5      | Reached skill level 6 in Shields
  2014 | D:5      | Reached XP level 8. HP: 46/73 MP: 4/4
  2297 | D:6      | Reached skill level 6 in Axes
  2325 | D:6      | Reached skill level 7 in Shields
  2398 | D:6      | Slain by an orc warrior

Vault maps used:
D:1:      saegor_arrival_simple_d
D:2:      okawaru_metal_pillars_1_2, overflow_temple_1_default, uniq_natasha,
          uniq_sigmund
D:3:      elyvilon_altar_1
D:4:      xom_teletrap_fun, dancing_weapons_uskayaw
D:5:      first_ration
D:6:      lemuel_blue_sif_altar

Skill      XL: |  1  2  3  4  5  6  7  8 |
---------------+-------------------------+-----
Fighting       | 3 4 5 |  5.7
Axes           | 3 4 5 6 |  6.4
Armour         | 4 5 6 |  6.9
Shields        | 4 5 6 7 |  7.0

Action                   |  1- 3 |  4- 6 |  7- 9 || total
-------------------------+-------+-------+-------++-------
Melee: War axe           |    63 |    77 |   273 ||   413
 Abil: Heal Wounds       |     1 |    11 |    14 ||    26
  Use: Potion            |       |       |     2 ||     2
  Eat: Chunk             |       |       |     6 ||     6
Armor: Scale mail        |    45 |    95 |   169 ||   309
Dodge: Dodged            |    33 |    59 |   127 ||   219
Block: Shield            |    40 |    93 |   239 ||   372

Table legend:
 A = Spawn XP
 B = Non-spawn XP
 C = Spawn XP percentage of total XP
 D = Spawn monster count
 E = Non-spawn monster count
 F = Spawn count percentage of total count
 G = Total turns spent on level
                    A         B        C        D         E        F      G
               +---------+---------+-------+---------+---------+-------+---------
         Total |       0 |    2419 |   0.0 |       0 |     133 |   0.0 |  2398
               +---------+---------+-------+---------+---------+-------+---------
           D:1 |       0 |      29 |   0.0 |       0 |      16 |   0.0 |   335
           D:2 |       0 |     508 |   0.0 |       0 |      36 |   0.0 |   278
           D:3 |       0 |     383 |   0.0 |       0 |      21 |   0.0 |   354
           D:4 |       0 |     421 |   0.0 |       0 |      25 |   0.0 |   770
           D:5 |       0 |     466 |   0.0 |       0 |      16 |   0.0 |   494
           D:6 |       0 |     612 |   0.0 |       0 |      19 |   0.0 |   167
               +---------+---------+-------+---------+---------+-------+---------
